 Dungeon Crawl Stone Soup version 0.24.0 (webtiles) character file.

Game seed: 4698406844276728059, levelgen mode: deterministic

3442 Ayyar the Envoy of Void (level 9, 0/72 HPs)
             Began as a Demonspawn Abyssal Knight on Mar 29, 2020.
             Was a High Priest of Lugonu.
             Slain by a killer bee (8 damage)
             ... on level 8 of the Dungeon on Apr 2, 2020.
             The game lasted 00:59:40 (10681 turns).

Ayyar the Envoy of Void (DsAK)                     Turns: 10681, Time: 00:59:40

Health: 0/72       AC: 13    Str: 15    XL:     9   Next: 77%
Magic:  15/15      EV: 11    Int: 14    God:    Lugonu [*****.]
Gold:   149        SH:  0    Dex: 13    Spells: 6/8 levels left

rFire    + . .     SeeInvis .   b - +0 halberd
rCold    + + .     Gourm    .   (shield currently unavailable)
rNeg     . . .     Faith    .   G - +0 scale mail of the Fife {rC+} (curse)
rPois    .         Spirit   .   j - +0 helmet
rElec    .         Reflect  .   I - +1 cloak {MR+}
rCorr    .         Harm     .   (gloves unavailable)
MR       ++...                  C - +2 pair of boots of Onidusm {rC+ MR+}
Stlth    ..........             (no amulet)
HPRegen  0.22/turn              w - ring of protection from fire
MPRegen  0.14/turn              (no ring)

@: lethally poisoned (0 -> -4)
A: claws 3, demonic guardian 1, powered by pain 1
a: Depart the Abyss, Bend Space, Banish, Corrupt, Enter the Abyss, Renounce
Religion


You were on level 8 of the Dungeon.
You worshipped Lugonu.
Lugonu was extremely pleased with you.
You were not hungry.

You visited 1 branch of the dungeon, and saw 9 of its levels.
You visited the Abyss 1 time.
You also visited: Ossuary.

You collected 492 gold pieces.
You spent 343 gold pieces at shops.

Inventory:

Hand Weapons
 a - a +1 spear of venom
 b - a +0 halberd (weapon)
Missiles
 v - 144 arrows
 x - 2 javelins (quivered)
Armour
 j - a +0 helmet (worn)
 y - a +0 scale mail
 C - the +2 pair of boots of Onidusm (worn) {rC+ MR+}
   (You found it on level 5 of the Dungeon)

   It protects you from cold.
   It affects your resistance to hostile enchantments.
 G - the cursed +0 scale mail of the Fife (worn) {rC+}
   (You found it on level 6 of the Dungeon)

   It protects you from cold.
   It has a curse placed upon it.
 I - a +1 cloak of magic resistance (worn)
Jewellery
 w - a ring of protection from fire (left claw)
Wands
 J - a wand of paralysis (8)
 L - a wand of enslavement (5)
Scrolls
 e - 4 scrolls of remove curse
 f - 2 scrolls of amnesia {unknown}
 n - 2 scrolls of magic mapping
 o - 3 scrolls of identify
 q - a scroll of fog {unknown}
 r - 2 scrolls of teleportation {unknown}
 s - 3 scrolls of immolation {unknown}
 D - 3 scrolls of enchant weapon {unknown}
 E - 3 scrolls of blinking {unknown}
 F - a scroll of enchant armour {unknown}
 H - a scroll of random uselessness {unknown}
 K - a scroll of summoning {unknown}
Potions
 d - a potion of magic {unknown}
 g - 3 potions of heal wounds
 h - a potion of ambrosia
 i - 5 potions of resistance
 k - 4 potions of flight
 l - a potion of invisibility {unknown}
 p - 2 potions of cancellation {unknown}
 t - 3 potions of lignification
 u - 2 potions of agility {unknown}
 z - 2 potions of haste {unknown}
 A - a potion of brilliance {unknown}
 B - a potion of berserk rage
 M - a potion of mutation
Comestibles
 c - 16 rations


   Skills:
 + Level 7.1 Fighting
 + Level 6.1 Polearms
 + Level 5.1 Throwing
 - Level 4.0 Armour
 - Level 4.0 Dodging
 + Level 8.9 Invocations


You had 6 spell levels left.
You knew the following spells:

 Your Spells              Type           Power        Failure   Level  Hunger
a - Sticks to Snakes      Tmut           #.......     85%         2    ###....

Your spell library contained the following spells:

 Spells                   Type           Power        Failure   Level  Hunger
 Animate Skeleton         Necr           N/A          71%         1    ##.....
 Apportation              Tloc           #.....       71%         1    ##.....
 Beastly Appendage        Tmut           #.....       71%         1    ##.....
 Confusing Touch          Hex            #.....       71%         1    ##.....
 Summon Small Mammal      Summ           #...         71%         1    ##.....
 Spider Form              Tmut/Pois      #.........   97%         3    ####...
 Ice Form                 Ice/Tmut       #.......     100%        4    #####..
 Blade Hands              Tmut           #.........   100%        5    ######.


Dungeon Overview and Level Annotations

Branches:
Dungeon (9/15)             Temple (0/1) D:6         Ossuary (visited)
   Lair: D:8-11         Orc: D:9-12

Altars:
Ashenzari
Elyvilon
Fedhas
Ru
Vehumet

Shops:
D:5 [   D:8 *

Annotations:
D:7 3 runed translucent doors, Gridlocked's ghost, novice TrMo
D:9 Grum


Innate Abilities, Weirdness & Mutations

You have claws for hands.
A weak demonic guardian rushes to your aid.
You sometimes gain a little power by taking damage.


Message History

Your ufetubus dies!
You slash the killer bee!
The killer bee is severely wounded.
You feel sick.
The killer bee stings you but does no damage.
Your ufetubus misses the killer bee.
Your ufetubus barely misses the killer bee.
The killer bee closely misses you.
Your ufetubus barely misses the killer bee.
Your ufetubus closely misses the killer bee.
The killer bee completely misses your ufetubus.
The killer bee barely misses you.
You hit the killer bee but do no damage.
The killer bee is severely wounded.
Your ufetubus disappears in a puff of smoke!
The killer bee stings you but does no damage. x2
You hit the killer bee.
The killer bee is almost dead.
You feel sick. The killer bee completely misses you. The killer bee stings you!
You die...

........^......# #....###########
.........^.^^.^###...............
.......^^........................
#......^^......###..............#
##........^....# ########......##
#.^.^.........# #......#.
##............# #####'##.
#............y######## #.###
#.>..........yy@.....# ##.##
#....###############.# #...##
###### #.## #..... #..# #.....
##.## ####.# #..# #.# ##.#### #.#
#....# #.# ##...# #.#


You could see 3 killer bees.

Vanquished Creatures
  Grinder (D:3)
  A spriggan (D:8)
  An ice beast (D:8)
  2 sky beasts
  A black bear (D:7)
  3 ogres
  A wolf (D:9)
  5 centaurs
  A bullfrog (D:6)
  4 killer bees (D:8)
  3 wights (D:6)
  A howler monkey (D:5)
  2 crimson imps
  A gnoll shaman (D:5)
  2 bullfrog skeletons
  3 orc priests
  A jelly (D:8)
  4 orc wizards
  2 centaur skeletons (D:6)
  A statue (D:5)
  7 worker ants
  A killer bee zombie (D:7)
  A hound skeleton (D:5)
  3 mummies (Ossuary)
  A howler monkey zombie (D:6)
  7 gnolls
  A howler monkey skeleton (D:4)
  10 adders
  2 shadow imps
  An ooze (D:6)
  An adder skeleton (D:5)
  A worm (D:3)
  3 leopard geckos
  14 orcs
  3 ball pythons
  6 bats
  8 giant cockroaches
  4 gnoll zombies (Ossuary)
  6 goblins
  11 hobgoblins
  4 jackals
  5 quokkas
  A ball python skeleton (D:6)
  5 frilled lizards
  4 gnoll skeletons (Ossuary)
  4 goblin skeletons (Ossuary)
  3 goblin zombies (Ossuary)
  A hobgoblin skeleton (Ossuary)
  5 hobgoblin zombies (Ossuary)
  A jackal skeleton (D:7)
  9 kobolds
  5 kobold skeletons (Ossuary)
  4 kobold zombies (Ossuary)
  4 orc skeletons (Ossuary)
  2 orc zombies (Ossuary)
  A quokka zombie (D:5)
  5 rats
  7 rat skeletons (Ossuary)
  7 rat zombies (Ossuary)
208 creatures vanquished.

Vanquished Creatures (collateral kills)
  A hornet (D:9)
  2 hungry ghosts
  Menkaure (Ossuary)
  2 phantoms (D:6)
  An ogre (D:4)
  A centaur (D:5)
  2 bullfrogs
  A scorpion (D:4)
  A killer bee (D:8)
  A crimson imp (D:6)
  An orc wizard (D:8)
  2 adders
  A leopard gecko (D:6)
  3 orcs
  A goblin (D:3)
  A frilled lizard (D:4)
22 creatures vanquished.

Vanquished Creatures (others)
  A sky beast (D:8)
  A quokka (D:6)
  A bush (D:9)
  4 fungi
  9 plants
16 creatures vanquished.

Grand Total: 246 creatures vanquished

Notes
Turn   | Place    | Note
-------+----------+-------------------------------------------
     0 | Abyss:1  | Ayyar the Demonspawn Abyssal Knight began the quest for the
                  | Orb.
     0 | Abyss:1  | Reached XP level 1. HP: 18/18 MP: 2/2
    50 | Abyss:1  | Noticed a thrashing horror
    54 | Abyss:1  | Noticed an apocalypse crab
    55 | D:1      | Escaped the Abyss
    86 | D:1      | Reached * piety under Lugonu
    86 | D:1      | Reached skill level 1 in Dodging
   191 | D:1      | Gained mutation: You have sharp fingernails. [demonic
                  | ancestry]
   191 | D:1      | Reached XP level 2. HP: 20/24 MP: 4/4
   825 | D:2      | Reached skill level 3 in Invocations
   825 | D:2      | Gained mutation: A weak demonic guardian rushes to your
                  | aid. [demonic ancestry]
   825 | D:2      | Reached XP level 3. HP: 3/29 MP: 5/5
  1535 | D:2      | Reached XP level 4. HP: 21/35 MP: 6/6
  1770 | D:2      | Reached ** piety under Lugonu
  1947 | D:3      | Noticed Grinder
  1972 | D:3      | Killed Grinder
  1972 | D:3      | Reached skill level 4 in Invocations
  1972 | D:3      | Gained mutation: You have very sharp fingernails. [demonic
                  | ancestry]
  1972 | D:3      | Reached XP level 5. HP: 30/42 MP: 6/8
  2295 | D:3      | Gained mutation: You have claws for hands. [demonic
                  | ancestry]
  2295 | D:3      | Reached XP level 6. HP: 39/48 MP: 9/9
  2784 | D:3      | Learned a level 2 spell: Sticks to Snakes
  3102 | D:4      | Found a shattered altar of Ashenzari.
  3387 | D:4      | Reached skill level 1 in Throwing
  3476 | D:4      | Gained mutation: You sometimes gain a little power by
                  | taking damage. [demonic ancestry]
  3476 | D:4      | Reached XP level 7. HP: 55/55 MP: 10/10
  3553 | D:4      | Found a sacrificial altar of Ru.
  3934 | D:5      | Entered Level 5 of the Dungeon
  3963 | D:5      | Reached skill level 5 in Invocations
  3990 | D:5      | Reached *** piety under Lugonu
  4143 | D:5      | Got a pair of heavily runed boots
  4182 | D:5      | Found a sand-covered staircase.
  4187 | Ossuary  | Entered an ossuary
  4364 | Ossuary  | Identified the +2 pair of boots of Onidusm {rC+ MR+} (You
                  | found it on level 5 of the Dungeon)
  4600 | Ossuary  | Reached **** piety under Lugonu
  4715 | Ossuary  | Noticed Menkaure
  4739 | Ossuary  | Killed Menkaure
  5660 | D:5      | Reached XP level 8. HP: 17/61 MP: 12/12
  5674 | D:5      | HP: 2/61 [sky beast (5)]
  5677 | D:5      | Reached skill level 5 in Fighting
  5746 | D:5      | Reached skill level 6 in Invocations
  5976 | D:5      | Found a radiant altar of Vehumet.
  6109 | D:5      | Found Ogyrudghe's Armour Emporium.
  6407 | D:6      | Found a white marble altar of Elyvilon.
  6479 | D:6      | Got a twisted scale mail
  6492 | D:6      | Identified the cursed +0 scale mail of the Fife {rC+} (You
                  | found it on level 6 of the Dungeon)
  6555 | D:6      | Found a staircase to the Ecumenical Temple.
  6753 | D:6      | Found a shattered altar of Ashenzari.
  7221 | D:6      | Reached skill level 7 in Invocations
  7343 | D:5      | Bought a +1 cloak of magic resistance for 247 gold pieces
  7475 | D:7      | Reached skill level 5 in Polearms
  7959 | D:7      | Found a blossoming altar of Fedhas.
  7981 | D:7      | Reached XP level 9. HP: 69/69 MP: 14/14
  8260 | D:7      | Found Esekeky's General Store.
  8339 | D:7      | Found a runed translucent gate.
  8339 | D:7      | Found a runed translucent gate.
  8339 | D:7      | Found a runed translucent gate.
  8339 | D:7      | Noticed Gridlocked's ghost (novice TrMo)
  8339 | D:7      | Noticed a kobold demonologist
  8735 | D:8      | Found Bieff's Changing Room.
  8896 | D:8      | Bought a potion of mutation for 96 gold pieces
  8999 | D:8      | Reached skill level 8 in Invocations
  9905 | D:8      | Reached ***** piety under Lugonu
 10017 | D:9      | Paralysed by a hornet for 2 turns
 10023 | D:9      | Reached skill level 5 in Throwing
 10315 | D:9      | Noticed Grum
 10338 | D:9      | HP: 3/72 [wolf[Grum] (2)]
 10681 | D:8      | Slain by a killer bee

Levels and vault maps discovered:
D:1:      minmay_arrival_plants_in_alcoves, layout_basic, minmay_tiny_reverse_x
D:2:      minmay_evil_eye, layout_basic
D:3:      layout_rooms, uniq_grinder
D:4:      layout_loops_ring, nicolae_ru_great_annihilating_truth,
          overflow_temple_1_default, first_ration, st_stairs_9
D:5:      minmay_chambers_of_threes, layout_basic, vehumet_statue,
          enter_ossuary_2, serial_shops, shop
D:6:      layout_rooms, elyvilon_altar_4, minmay_temple_entry_junction_2,
          nicolae_ashenzari_panopticon
D:7:      layout_basic, nicolae_overflow_hidden_temple,
          gammafunk_ghost_nasty_kobolds, serial_shops, shop
D:8:      layout_basic, minmay_holes, nicolae_transmutations_shop, the_bakery
D:9:      layout_roguey, chequers_temple_overflow_statue_of_worship,
          minmay_lair_entry_grove, orc_0_dummy, hangedman_misty_isle, uniq_grum
